Unix xNetHack Version 7.1.0 - last build Jul 4 2022 02:09:00 (ec8469f2eb63cac24863ec985b09651f3a72bf9f). Game began 2022-07-08 08:59:23, ended 2022-07-08 09:10:47. Raisse, neutral female gnomish Wizard ------- ------- |.....| . .. |.._..| -+---|--.- |.....| ..| ..|-.| ---- ---|--- +.------ |..----..---|-..--- ...-- |.| |......---+-.....-|--........--+- ....---- |.| |.----........--%...............| ------ ......---%- |.- --.......-|..--------|-- -- |%%.%| ..........---- |.| ...{....---|[........| |...~| .|..........| |.| -....... |((()=!!+)| ---+-- --- --...---...| |.|------....--- -------------- ...-...-- -...|..---...|.--..| ..|....|------ |.......| ........------ --.....|-....|.....| --...-|.(((| |.------- .............-+---+-----..--..........-- ..~-.*((| |.| ...{....----...............|...G.......| ..-|..(*| |.|.d. ....... --+--.---------.........--..| ...|------ |.--G-- ....... |.|.((!| --.......------ ...|--------.....| ..--- |~-.(!(| -...--- ..--......|...{..+ --|.(((| .....----........| ------ ------ ---------- Raisse the Conjurer St:9 Dx:13 Co:14 In:19 Wi:11 Ch:9 Neutral Dlvl:6 $:70 HP:0(32) Pw:51(51) AC:1 Xp:4/148 T:1559 Latest messages: Adjust letter to what [him-or-tyzD-GL-Z] (? see used letters)? l Swapping: l - a tinning kit {100}. Something is written here in the dust. You read: "C?o??c for inventory". The gray ooze bites! Your cloak of magic resistance is not affected by oxidation. In what direction? k The spell hits the gray ooze! In what direction? k The spell misses the gray ooze. In what direction? k The spell hits the gray ooze! You kill the gray ooze! You see here a small glob of gray ooze. There is a small glob of gray ooze here; eat it? [ynq] (n) y You have a very bad case of stomach acid. You finish eating the small glob of gray ooze. You stop. The watchman is in the way! This door is locked. Unlock it with your key? [ynq] (q) n You swap places with the peaceful watchman. This door is locked. Unlock it with your key? [ynq] (q) q You are in full health. You swap places with the peaceful watchman. This door is locked. Unlock it with your key? [ynq] (q) y You succeed in unlocking the door. You hear a door open. The door opens. The dingo bites! You miss the dingo. Your pair of silver hard shoes deflects the dingo's attack. You miss the dingo. The dingo just misses! You miss the dingo. The dingo bites! The dingo bites! You stab the dingo. The dingo bites! You miss the dingo. The dingo bites! The dingo bites! You miss the dingo. The dingo bites! You miss the dingo. The dingo bites! You die... Do you want your possessions identified? [ynq] (y) y Do you want to see your attributes? [ynq] (y) q Major events: Turn 1: Raisse the neutral female gnomish Wizard entered the dungeon 714: entered the Gnomish Mines 727: attained the rank of Conjurer (level 3) 1039: reached Mine Town 1559: killed by a dingo Inventory: Inventory: 574/625 weight (24/52 slots) Coins $ - 70 gold pieces {1} Weapons a - an uncursed +0 elven dagger (weapon in hand) {10} w - an uncursed +0 stone orcish dagger {8} I - an uncursed +0 bone orcish dagger {3} O - a blessed +1 quarterstaff {40} Armor A - an uncursed +1 mithril elven ring mail (being worn) {88} B - an uncursed +0 pair of silver dwarvish boots (being worn) {42} C - an uncursed +0 cloak of magic resistance (being worn) {8} H - an uncursed rustproof +0 orcish helm (being worn) {23} Scrolls u - an uncursed scroll of enchant armor {5} J - an uncursed scroll of charging {5} K - an uncursed scroll of remove curse {5} Spellbooks c - a blessed spellbook of force bolt {35} d - a blessed spellbook of magic missile {40} e - an uncursed spellbook of healing {35} f - an uncursed spellbook of detect monsters {45} Potions k - an uncursed potion of extra healing {20} p - an uncursed potion of water {20} x - an uncursed potion of confusion {20} Wands j - an uncursed wand of undead turning (0:6) {7} v - an uncursed wand of digging (0:2) {7} Tools b - an uncursed blindfold {2} g - an uncursed magic marker (0:36) {2} l - an uncursed tinning kit (0:60) {100} q - an uncursed skeleton key {3} Raisse the Wizard's attributes: Background: You were a Conjurer, a level 4 female gnomish Wizard. You were neutral, on a mission for Thoth who was opposed by Ptah (lawful) and Anhur (chaotic). You were bisexual. You were in the Gnomish Mines, on level 6. You entered the dungeon 1559 turns ago. You had 148 experience points, 12 more were needed to attain level 5. Basics: You had 0 out of 32 hit points. You had all 51 energy points (spell power). Your armor class was 1. Your wallet contained 70 zorkmids. Autopickup was on for '$!?/"=+' plus thrown, with exceptions. Final Characteristics: Your strength was 9 (limit:18/50). Your dexterity was 13 (limit:18). Your constitution was 14 (limit:18). Your intelligence was 19 (limit:19). Your wisdom was 11 (limit:18). Your charisma was 9 (limit:18). Final Status: You were not hungry. You were unencumbered. You were wielding a dagger. You were unskilled in dagger. Final Attributes: You were devoutly aligned. You were magic-protected. You had infravision. You were guarded. You are dead. Miscellaneous: You never encountered a bones level. Total elapsed playing time was 11 minutes and 23 seconds. Vanquished creatures: a violet fungus a gray ooze a dwarf 2 orc zombies 2 werejackals 2 iguanas an acid blob a coyote 4 hobbits a large kobold 2 giant rats 2 cave spiders a gnome a gnome zombie a gecko 5 jackals a fox a kobold 4 goblins 2 sewer rats 6 grid bugs a lichen a kobold zombie 6 newts 50 creatures vanquished. No species were genocided or became extinct. Voluntary challenges: You read items or engraved 4 times. You never genocided any monsters. You never polymorphed an object. You never changed form. You never touched an artifact. You used no wishes. You were celibate. You never generated conflict. Achievements: You entered a shop. You entered the Gnomish Mines. You attained the rank of Conjurer. You entered Minetown. You entered a temple. The Dungeons of Doom: levels 1 to 2 Level 1: A fountain, a sink. Level 2: A general store, a fountain. Stairs down to The Gnomish Mines. The Gnomish Mines: levels 3 to 6 Level 3: Level 4: Level 5: Level 6: <- You were here. Many shops, a temple, many fountains. Final resting place for you, killed by a dingo. Game over: __________ / \ / REST \ / IN \ / PEACE \ / \ | Raisse | | 70 Au | | killed by a | | dingo | | | | | | 2022 | *| * * * | * _________)/\\_//(\/(/\)/\//\/|_)_______ Goodbye Raisse the Wizard... You died in The Gnomish Mines on dungeon level 6 with 915 points, and 70 pieces of gold, after 1559 moves. You were level 4 with a maximum of 32 hit points when you died.